Map: Newkirk Precinct TE (Void)

Players

Patience - Winner!

  • Race: Protoss Protoss
  • Spawn Location: 5:00

Nerchio

  • Race: Zerg Zerg
  • Spawn Location: 7:00

Event: IEM XI Katowice - World Championship 2017

VOD

https://www.youtube.com/watch?v=ZBy-FdOXbBk&t=3s

Description

Time

  • Played on: March 3, 2017, 10:51 a.m.
  • Length: 19:31

All games in this series

Show
View Real Time Build Order
Export as new Build Order

Patience Protoss - Winner!

Build Orders: 1 Gate Expand 

Get SALT Encoding   

  12  0:00  Probe (Chrono Boost)  
  13  0:11  Probe (Chrono Boost)  
  14  0:18  Pylon  
  14  0:22  Probe (Chrono Boost)  
  15  0:36  Probe (Chrono Boost)  
  15  0:38  Gateway  
  16  0:45  Assimilator  
  16  0:46  Probe (Chrono Boost)  
  18  0:57  Probe (Chrono Boost)  
  18  1:00  Gateway  
  18  1:07  Probe (Chrono Boost)  
  19  1:25  Cybernetics Core  
  19  1:40  Nexus  
  19  1:46  Pylon  
  19  1:49  Probe (Chrono Boost)  
  20  2:00  Probe (Chrono Boost)  
  21  2:01  Adept  
  21  2:02  Adept  
  25  2:12  Probe (Chrono Boost)  
  25  2:15  Assimilator  
  26  2:19  Warp Gate  
  26  2:24  Probe (Chrono Boost)  
  27  2:31  Adept  
  27  2:35  Probe (Chrono Boost)  
  30  2:45  Probe (Chrono Boost)  
  30  2:50  Twilight Council  
  31  2:55  Probe (Chrono Boost)  
  31  2:56  Probe (Chrono Boost)  
  34  3:05  Probe (Chrono Boost)  
  34  3:06  Probe (Chrono Boost)  
  34  3:09  Adept x2  
  35  3:16  Probe (Chrono Boost)  
  35  3:17  Probe (Chrono Boost)  
  37  3:23  Resonating Glaives  
  37  3:27  Pylon  
  37  3:30  Probe x2 (Chrono Boost)  
  39  3:42  Probe (Chrono Boost)  
  39  3:44  Probe (Chrono Boost)  
  41  3:50  Gateway  
  41  3:54  Probe (Chrono Boost)  
  42  4:00  Nexus  
  42  4:07  Mothership Core (Chrono Boost)  
  42  4:08  Nexus  
  42  4:09  Probe (Chrono Boost)  
  45  4:13  Pylon  
  43  4:27  Probe (Chrono Boost)  
  43  4:31  Adept x2  
  48  4:33  Probe (Chrono Boost)  
  48  4:38  Probe (Chrono Boost)  
  50  4:43  Probe (Chrono Boost)  
  51  4:49  Robotics Facility, Forge  
  51  4:50  Stalker  
  51  4:52  Probe (Chrono Boost)  
  54  4:55  Probe (Chrono Boost)  
  55  5:00  Pylon  
  55  5:02  Probe (Chrono Boost)  
  55  5:05  Pylon, Probe (Chrono Boost)  
  57  5:13  Probe (Chrono Boost)  
  58  5:15  Assimilator  
  58  5:16  Probe (Chrono Boost)  
  58  5:20  Assimilator, Sentry x3  
  65  5:23  Probe (Chrono Boost)  
  65  5:26  Probe (Chrono Boost)  
  65  5:27  Probe (Chrono Boost)  
  68  5:28  Protoss Ground Weapons Level 1  
  68  5:34  Probe (Chrono Boost), Warp Prism  
  69  5:36  Probe (Chrono Boost)  
  73  5:44  Probe x2 (Chrono Boost)  
  74  5:54  Gateway  
  74  5:55  Probe (Chrono Boost)  
  74  5:56  Probe (Chrono Boost), Gateway  
  76  5:57  Gateway  
  76  6:01  Probe (Chrono Boost)  
  77  6:05  Probe (Chrono Boost), Gateway  
  77  6:11  Probe (Chrono Boost), Gateway  
  79  6:12  Probe (Chrono Boost)  
  79  6:15  Sentry x2  
  79  6:16  Probe (Chrono Boost), Sentry  
  79  6:18  Observer  
  87  6:24  Probe (Chrono Boost)  
  90  6:26  Assimilator, Probe x2 (Chrono Boost)  
  90  6:30  Assimilator  
  90  6:31  Pylon  
  91  6:33  Pylon x2  
  91  6:35  Probe (Chrono Boost)  
  91  6:38  Probe (Chrono Boost)  
  93  6:44  Immortal  
  93  6:49  Probe x2 (Chrono Boost)  
  93  6:51  Probe (Chrono Boost)  
  93  6:53  Blink  
  100  7:00  Gateway, Probe x2 (Chrono Boost)  
  102  7:07  Pylon  
  102  7:09  Pylon  
  102  7:16  Sentry x3  
  102  7:18  Adept x4  
  102  7:22  Immortal  
  116  7:25  Pylon  
  120  7:31  Pylon  
  120  7:39  Protoss Ground Weapons Level 2  
  120  7:45  Stalker x4  
  120  7:46  Stalker x3  
  120  7:47  Stalker  
  136  7:53  Nexus  
  136  7:56  Pylon  
  136  8:01  Immortal  
  136  8:02  Photon Cannon  
  136  8:03  Pylon  
  140  8:15  Robotics Bay  
  140  8:16  Pylon  
  135  8:32  Probe x3 (Chrono Boost)  
  135  8:33  Photon Cannon  
  138  8:36  Immortal  
  138  8:39  Photon Cannon  
  138  8:40  Photon Cannon  
  138  8:41  Sentry  
  144  8:42  Pylon  
  144  8:46  Zealot  
  146  8:53  Pylon  
  146  8:55  Pylon  
  146  8:59  Probe x3 (Chrono Boost)  
  149  9:09  Robotics Facility  
  149  9:10  Disruptor  
  149  9:14  Adept x3  
  149  9:15  Adept x4  
  166  9:20  Charge  
  162  9:25  Photon Cannon  
  162  9:32  Assimilator  
  162  9:37  Assimilator  
  162  9:39  Templar Archives  
  162  9:40  Protoss Ground Weapons Level 3  
  162  9:46  Stalker x6  
  162  9:52  Disruptor x2  
  172  10:23  Disruptor  
  172  10:26  Stalker x4  
  172  10:27  Stalker x3  
  181  10:35  Probe x4 (Chrono Boost)  
  188  10:37  Observer  
  186  10:47  Pylon  
  186  10:54  Nexus  
  186  10:55  Psionic Storm  
  186  11:01  Photon Cannon  
  186  11:06  Pylon  
  186  11:07  High Templar x4  
  186  11:08  Pylon, Observer x2  
  196  11:15  Pylon  
  196  11:16  Stargate  
  196  11:21  Archon x2  
  196  11:27  Photon Cannon  
  196  11:29  Photon Cannon  
  196  11:30  Photon Cannon  
  196  11:32  Photon Cannon  
  196  11:33  Photon Cannon  
  196  11:35  Photon Cannon  
  196  11:37  Assimilator, High Templar x2  
  200  11:42  Assimilator  
  191  12:03  Adept x4  
  191  12:04  Adept x2  
  191  12:05  Adept  
  189  12:20  Fleet Beacon  
  189  12:22  Stargate  
  189  12:25  Stargate  
  189  12:27  Stargate  
  189  12:29  Pylon  
  163  12:49  Disruptor  
  163  12:50  Disruptor  
  150  12:51  Stalker x2  
  150  12:52  Stalker x6  
  150  12:53  Stalker  
  156  13:10  Probe x3 (Chrono Boost)  
  159  13:18  High Templar x3  
  157  13:20  High Templar  
  157  13:24  Zealot x4  
  157  13:25  Zealot  
  166  13:27  Probe (Chrono Boost)  
  166  13:28  Probe x2 (Chrono Boost)  
  166  13:29  Probe x2 (Chrono Boost)  
  166  13:30  Immortal x2  
  164  13:47  Photon Cannon  
  164  13:48  Photon Cannon  
  164  13:50  Photon Cannon  
  164  13:56  Oracle  
  167  14:05  Adept x2  
  167  14:07  Immortal x2  
  167  14:09  Archon x2  
  170  14:16  Adept x6  
  170  14:17  Adept  
  129  14:35  Probe x4 (Chrono Boost)  
  129  14:37  High Templar x2  
  129  14:38  High Templar x2  
  141  14:43  Archon x2  
  135  14:49  Probe (Chrono Boost)  
  135  14:50  Probe (Chrono Boost)  
  138  15:02  Probe (Chrono Boost)  
  138  15:08  Probe x2 (Chrono Boost)  
  138  15:09  High Templar, Probe (Chrono Boost)  
  138  15:10  High Templar x3  
  138  15:14  Zealot  
  146  15:16  Archon x2  
  146  15:25  Probe x3 (Chrono Boost)  
  146  15:26  Probe (Chrono Boost)  
  150  15:35  High Templar x2  
  154  15:37  Probe (Chrono Boost)  
  154  15:38  Probe x4 (Chrono Boost)  
  159  15:43  Archon  
  159  16:07  Stalker x4  
  159  16:08  Stalker x2  
  171  16:14  High Templar x2  
  175  16:21  Archon  
  171  16:28  Zealot  
  173  16:33  Zealot  
  173  16:34  Zealot x2  
  179  16:41  High Templar x2  
  179  16:45  Archon  
  183  16:48  Observer  
  183  16:53  Stalker x4  
  172  17:11  High Templar  
  172  17:12  High Templar x2  
  172  17:14  Pylon, High Templar  
  171  17:17  Probe x3 (Chrono Boost), Archon  
  171  17:18  Probe (Chrono Boost), Archon  
  171  17:20  Probe (Chrono Boost)  
  171  17:29  Zealot x3, High Templar x2, Probe x3 (Chrono Boost)  
  185  17:30  Probe (Chrono Boost)  
  185  17:33  Archon  
  133  17:59  Stalker x5  
  143  18:06  High Templar x2  
  143  18:07  Zealot x2  
  143  18:11  Archon  
  151  18:15  Probe x2 (Chrono Boost)  
  151  18:29  Zealot x3  
  151  18:30  Zealot x2  
  157  18:36  Zealot x2  
  133  18:57  Zealot x2  
  136  19:07  High Templar x4  
  136  19:08  High Templar x2  
  127  19:29  Archon  
Show
View Real Time Build Order
Export as new Build Order

Nerchio Zerg 

Build Orders: Hatch First 

Get SALT Encoding   

  12  0:00  Drone  
  13  0:13  Overlord  
  13  0:18  Drone  
  14  0:31  Drone x2  
  14  0:35  Drone  
  17  0:52  Hatchery  
  17  0:56  Drone  
  17  0:59  Drone  
  18  1:07  Extractor  
  17  1:15  Spawning Pool  
  17  1:18  Drone  
  17  1:21  Drone  
  18  1:28  Drone  
  19  1:39  Overlord  
  19  1:49  Drone  
  20  2:01  Queen  
  20  2:02  Zergling x2  
  20  2:04  Queen  
  20  2:05  Zergling x2  
  26  2:11  Metabolic Boost  
  26  2:20  Zergling x2  
  26  2:21  Zergling x2  
  28  2:26  Drone x2  
  30  2:34  Zergling x2  
  31  2:38  Drone  
  31  2:40  Queen  
  34  2:45  Overlord  
  34  2:48  Drone  
  35  2:54  Drone  
  36  3:03  Drone  
  36  3:06  Drone  
  36  3:09  Drone  
  36  3:10  Drone x3  
  41  3:14  Overlord  
  41  3:15  Drone x2  
  43  3:28  Hatchery  
  43  3:30  Overlord  
  43  3:33  Drone  
  43  3:36  Drone  
  43  3:37  Drone  
  45  3:44  Roach Warren, Drone  
  45  3:48  Drone x2  
  45  3:49  Drone  
  45  3:55  Extractor, Drone x2  
  49  3:56  Drone  
  49  4:00  Overlord  
  50  4:04  Zergling x4  
  51  4:11  Overlord  
  51  4:12  Queen  
  53  4:19  Lair  
  53  4:26  Roach x3  
  53  4:30  Extractor  
  56  4:32  Roach  
  56  4:33  Overlord  
  58  4:39  Roach  
  58  4:41  Drone x4  
  58  4:45  Extractor  
  62  4:46  Drone x2  
  62  4:47  Evolution Chamber  
  63  4:53  Roach x2  
  67  5:00  Roach x2  
  67  5:03  Zergling x6  
  67  5:05  Zergling x2  
  75  5:12  Overlord  
  75  5:17  Drone x4  
  75  5:19  Glial Reconstitution  
  75  5:21  Overseer  
  79  5:27  Overlord x2  
  79  5:32  Overseer, Drone  
  79  5:33  Drone  
  81  5:35  Drone x2  
  81  5:37  Drone  
  81  5:39  Drone  
  81  5:42  Zerg Missile Weapons Level 1  
  83  5:44  Drone  
  83  5:45  Drone  
  85  5:53  Extractor  
  84  5:58  Roach x5  
  94  6:06  Drone x5  
  94  6:07  Overseer  
  94  6:10  Overlord  
  99  6:13  Overlord  
  99  6:17  Overlord  
  99  6:21  Roach x2  
  99  6:23  Roach  
  105  6:26  Overlord  
  105  6:39  Overlord  
  105  6:42  Drone x3  
  105  6:43  Extractor, Drone x4  
  105  6:46  Roach  
  117  6:47  Roach x2  
  117  6:49  Roach  
  116  6:59  Baneling Nest  
  116  7:00  Overlord  
  115  7:01  Overseer  
  115  7:08  Drone x2  
  117  7:10  Overlord  
  117  7:12  Overlord  
  117  7:14  Roach x2  
  121  7:18  Ravager x5  
  121  7:19  Ravager x2  
  121  7:20  Hatchery  
  121  7:21  Roach  
  129  7:23  Roach  
  129  7:26  Roach  
  129  7:27  Roach  
  135  7:40  Zerg Melee Weapons Level 1  
  135  7:41  Overlord x2  
  135  7:43  Overlord  
  135  7:44  Roach x4  
  135  7:45  Ravager  
  135  7:46  Ravager x2  
  135  7:47  Ravager x2  
  148  7:52  Centrifical Hooks  
  148  7:57  Roach x3  
  154  8:10  Drone x11  
  165  8:17  Overlord  
  165  8:22  Infestation Pit  
  165  8:25  Zergling x2  
  165  8:26  Zergling x14  
  172  8:29  Zergling x2  
  172  8:30  Zergling x4  
  172  8:32  Overseer  
  175  8:40  Zergling x2  
  175  8:41  Zergling x4  
  178  8:45  Extractor  
  178  8:47  Extractor  
  176  8:52  Spore Crawler  
  176  8:54  Spine Crawler  
  174  8:58  Infestor x2, Neural Parasite  
  174  8:59  Infestor x2  
  182  9:09  Hive  
  182  9:10  Infestor  
  182  9:12  Zergling x12  
  190  9:20  Overlord  
  189  9:25  Evolution Chamber  
  189  9:30  Drone x2  
  189  9:32  Infestor x2, Overlord  
  189  9:34  Overlord  
  191  9:39  Drone x3  
  191  9:40  Drone  
  194  9:46  Zerg Melee Weapons Level 2  
  190  9:55  Infestor x3  
  195  10:04  Zergling x2  
  195  10:05  Zergling x24  
  199  10:07  Baneling  
  199  10:08  Baneling x10  
  197  10:15  Spore Crawler  
  197  10:16  Zergling x10  
  197  10:20  Zergling x6  
  200  10:25  Ultralisk Cavern  
  200  10:27  Burrow  
  198  10:37  Drone  
  198  10:38  Overlord, Drone  
  198  10:39  Pneumatized Carapace  
  200  10:44  Baneling  
  200  10:45  Baneling x13  
  200  10:46  Baneling  
  199  10:58  Spore Crawler  
  198  11:06  Drone  
  198  11:07  Hatchery  
  198  11:11  Spire  
  197  11:14  Chitinous Plating  
  197  11:17  Adrenal Glands  
  197  11:26  Zerg Ground Armor Level 1  
  197  11:55  Zergling x4  
  195  12:01  Zergling x10  
  195  12:04  Zergling x12  
  197  12:14  Ultralisk  
  200  12:18  Zerg Melee Weapons Level 3  
  184  12:42  Zergling x16  
  171  12:49  Zergling x2  
  171  12:50  Zergling x22  
  173  12:54  Ultralisk x3  
  173  12:57  Ultralisk  
  195  13:00  Zergling x4  
  195  13:01  Zergling x2  
  187  13:09  Zergling x12  
  191  13:18  Zergling x2  
  191  13:19  Zergling x12  
  198  13:20  Zergling x2  
  198  13:24  Zerg Missile Weapons Level 2  
  199  13:41  Baneling x11  
  199  13:42  Zergling x2  
  199  13:47  Greater Spire  
  194  14:05  Zergling x32  
  185  14:12  Zergling x10  
  146  14:29  Zergling x4  
  146  14:30  Ultralisk x2  
  129  14:37  Infestor  
  129  14:38  Infestor x4  
  139  14:41  Infestor  
  139  14:45  Infestor  
  139  14:46  Infestor  
  139  14:49  Infestor  
  139  14:52  Infestor  
  145  15:01  Infestor  
  145  15:02  Infestor  
  145  15:06  Drone x5  
  151  15:08  Overlord  
  151  15:12  Infestor  
  149  15:24  Hatchery  
  148  15:34  Ultralisk  
  154  15:36  Ultralisk  
  160  15:44  Drone x2  
  160  15:45  Overlord x2  
  160  15:46  Overlord  
  160  15:49  Zergling x4  
  165  15:50  Zergling x2  
  163  15:57  Zergling x10  
  168  16:07  Ultralisk  
  168  16:09  Overseer  
  166  16:24  Ultralisk  
  166  16:25  Ultralisk  
  178  16:38  Hydralisk Den  
  175  16:44  Baneling x6  
  173  16:52  Infestor x2  
  173  16:53  Zergling x34  
  194  17:01  Ultralisk  
  192  17:07  Ultralisk  
  196  17:11  Zergling x4  
  196  17:12  Zergling x2  
  198  17:18  Zergling x6  
  200  17:26  Overseer x2  
  166  17:37  Zergling x20  
  166  17:38  Zergling x20  
  166  17:43  Zergling x4  
  166  17:44  Zergling x6  
  166  17:46  Zergling x4  
  166  17:47  Zergling x2  
  148  17:55  Ultralisk  
  148  17:57  Infestor  
  147  17:58  Infestor  
  147  18:01  Infestor  
  151  18:06  Baneling x8  
  151  18:07  Zergling x2  
  151  18:11  Infestor  
  154  18:13  Infestor  
  153  18:27  Hydralisk x4  
  153  18:30  Zergling x4  
  153  18:33  Zergling x4  
  162  18:35  Zergling x2  
  162  18:38  Infestor  
  162  18:41  Infestor  
  162  18:43  Zergling x2  
  162  18:46  Zergling x4  
  162  18:48  Infestor  
  159  18:51  Zergling x2  
  159  18:52  Zergling x2  
  159  18:54  Infestor  
  153  18:56  Zergling x2  
  153  18:58  Zergling x2  
  153  19:01  Zergling x2  
  153  19:02  Zergling x2  
  145  19:03  Zergling x2  
  145  19:05  Zergling x2  
  145  19:07  Zergling x2  
  133  19:10  Zergling x2  

Tags
 
Add a new tag
Caveats
  • Supply blocks, unpowered buildings, or Contaminate may cause inaccurate times.
  • Supply counts are checked every 10 seconds.